 Dungeon Crawl Stone Soup version 0.21-a0-2-ge494091 (webtiles) character file.

427 Naow the Firebug (level 6, 0/36 HPs)
             Began as an Octopode Fire Elementalist on May 22, 2017.
             Slain by a centaur (9 damage)
             ... on level 4 of the Dungeon.
             The game lasted 00:11:34 (6229 turns).

Naow the Firebug (Octopode Fire Elementalist)       Turns: 6229, Time: 00:11:34

Health: 0/36       AC:  1    Str:  8    XL:     6   Next: 97%
Magic:  0/11       EV: 13    Int: 19    God:
Gold:   198        SH:  0    Dex: 12    Spells: 2/12 levels left

rFire    + . .     SeeInvis .   h - +0 dagger
rCold    + + .     Gourm    .   (no shield)
rNeg     . . .     Faith    .   (helmet restricted)
rPois    +         Spirit   .   u - amulet of inaccuracy (curse)
rElec    +         Reflect  .   p - ring of ice
rCorr    +         Harm     .   y - ring of protection from fire
MR       .....                  (no ring)
Stlth    +++.......             (no ring)
Regen    0.2/turn               (no ring)
MPRegen  0.2/turn               (no ring)
                                (no ring)
                                (no ring)

@: resistant, very slightly contaminated
A: almost no armour, stealthy swim, amphibious, 8 rings, constrict 8, camouflage
1, gelatinous body 1
a: no special abilities


You were on level 4 of the Dungeon.
You were very hungry.

You visited 1 branch of the dungeon, and saw 4 of its levels.

You collected 198 gold pieces.

Inventory:

Hand Weapons
 h - a +0 dagger (weapon)
Armour
 o - a +0 buckler
Jewellery
 p - a ring of ice (left tentacle)
 u - a cursed amulet of inaccuracy (around mantle)
 y - a ring of protection from fire (right tentacle)
 A - an uncursed amulet of harm {unknown}
Wands
 q - a wand of iceblast (9/15)
 z - a wand of lightning (5/15)
Scrolls
 e - 2 scrolls of enchant armour {unknown}
 f - 2 scrolls of recharging
 i - 5 scrolls of identify
 l - a scroll of magic mapping {unknown}
 n - a scroll of immolation {unknown}
 v - 2 scrolls of fog {unknown}
 w - 2 scrolls of teleportation {unknown}
Potions
 c - 2 potions of flight
 d - a potion of agility {unknown}
 j - 3 potions of degeneration {unknown}
 k - a potion of magic {unknown}
 r - a potion of resistance
 s - a potion of might {unknown}
 t - a potion of brilliance {unknown}
 B - a potion of haste {unknown}
 C - a potion of mutation {unknown}
Books
 a - a book of Flames

   Spells                             Type                      Level
   a - Flame Tongue                   Conjuration/Fire             1
   b - Throw Flame                    Conjuration/Fire             2
   c - Conjure Flame                  Conjuration/Fire             3
   d - Inner Flame                    Hexes/Fire                   3
   e - Sticky Flame                   Conjuration/Fire             4
   f - Fireball                       Conjuration/Fire             5
Comestibles
 b - 5 bread rations
 m - 2 meat rations
 x - a royal jelly


   Skills:
 - Level 0.2 Fighting
 - Level 0.4 Short Blades
 - Level 2.3 Dodging
 - Level 2.9 Stealth
 + Level 1.7 Shields
 - Level 0.4 Unarmed Combat
 + Level 3.9 Spellcasting
 + Level 3.4 Conjurations
 + Level 4.6 Fire Magic


You had 2 spell levels left.
You knew the following spells:

 Your Spells              Type           Power        Failure   Level  Hunger
a - Flame Tongue          Conj/Fire      ###..        2%          1    None
b - Throw Flame           Conj/Fire      ###...       4%          2    ##.....
c - Conjure Flame         Conj/Fire      ###.....     8%          3    ###....
d - Sticky Flame          Conj/Fire      ###.....     26%         4    ####...


Dungeon Overview and Level Annotations

Branches:
Dungeon (4/15)
 Temple: D:4-7

Altars:
Ashenzari
Cheibriados
The Shining One

Shops:
D:4 (

Annotations:
D:2 1 runed door


Innate Abilities, Weirdness & Mutations

You cannot wear most types of armour.
You are very stealthy in the water. (Stealth+)
You are amphibious.
You can wear up to eight rings at the same time.
You can use your tentacles to constrict eight enemies at once.
Your skin changes colour to match your surroundings (Stealth+).
Your rubbery body absorbs attacks. (AC +1, EV +1)


Message History

You hit the centaur but do no damage. The centaur hits you!
The centaur hits you.
You hit the centaur but do no damage. The centaur hits you.
You hit the centaur but do no damage.
The centaur hits you but does no damage.
The centaur hits you!
* * * LOW HITPOINT WARNING * * *
Casting: Sticky Flame
Confirm with . or Enter, or press ? or * to list all spells.
Aiming: Sticky Flame
Press: ? - help, Shift-Dir - straight line, f/p - centaur
Aim: a centaur You miscast Sticky Flame.
You smell something strange.
You are feeling very hungry.
The centaur hits you.
* * * LOW HITPOINT WARNING * * *
It was a potion of resistance.
You feel protected. The centaur misses you. The centaur hits you!
You die...

# #.#...##.##....## #.#....
#.##.#...##.##....# #.#.....
>.............#....#####.#.....
.#.####...##..#.........^#.####
.................#######.###.
...........#.................
......................##[..##.
............c.......).........
..#####..##.#@.#..###..#...##.
#..#####..##.#.................
..........##.##.#..............
#..#####..##.##.######..#......
#..#####..##.##..# #..#....#.
..........##.##..# #..#....#.
###..#####..##.##...####..#....#.
..............................##.
...............................##


You could see a centaur.

Vanquished Creatures
  An ogre (D:4)
  A scorpion (D:4)
  A hound (D:4)
  A jelly (D:1)
  A bullfrog skeleton (D:4)
  6 adders
  2 oozes (D:1)
  2 worms
  11 dart slugs
  4 leopard geckos
  9 orcs (D:3)
  A ball python (D:1)
  2 bats
  9 giant cockroaches
  9 hobgoblins
  2 jackals (D:1)
  2 quokkas
  5 frilled lizards
  16 goblins
  11 kobolds
  A leopard gecko skeleton (D:4)
  11 rats
108 creatures vanquished.

Notes
Turn   | Place    | Note
-------+----------+-------------------------------------------
     0 | D:1      | Naow the Octopode Fire Elementalist began the quest for the Orb.
     0 | D:1      | Reached XP level 1. HP: 11/11 MP: 3/3
     1 | D:1      | Found a runed door.
     1 | D:1      | Noticed a jelly
   231 | D:1      | Reached XP level 2. HP: 13/17 MP: 0/5
   471 | D:1      | Found a glowing golden altar of the Shining One.
   890 | D:1      | Reached XP level 3. HP: 14/21 MP: 2/6
  2067 | D:2      | Reached XP level 4. HP: 27/27 MP: 5/7
  2074 | D:2      | Learned a level 2 spell: Throw Flame
  2078 | D:2      | Learned a level 3 spell: Conjure Flame
  2537 | D:2      | Found a runed door.
  3318 | D:1      | Reached skill level 4 in Fire Magic
  3318 | D:1      | Reached XP level 5. HP: 28/31 MP: 0/9
  3400 | D:1      | Learned a level 4 spell: Sticky Flame
  5316 | D:4      | Found a shattered altar of Ashenzari.
  5505 | D:4      | Reached XP level 6. HP: 28/36 MP: 7/11
  5588 | D:4      | Found a snail-covered altar of Cheibriados.
  5843 | D:4      | Found Ydwim's Antique Weapon Emporium.
  5934 | D:4      | Reached skill level 1 in Shields
  6229 | D:4      | Slain by a centaur

Vault maps used:
D:1:      dpeg_arrival_caged_fury, tso_metal_star
D:2:      uniq_crazy_yiuf_cottage
D:3:      kennysheep_slugbush
D:4:      cheibriados_altar_1, serial_shops, nicolae_shop_behind_doors,
          serial_bayou_pond_d, corner_web_ring, corexii_shack,
          nicolae_ashenzari_panopticon

Skill      XL: |  1  2  3  4  5  6 |
---------------+-------------------+-----
Conjurations   | 2 3 |  3.4
Spellcasting   | 3 |  3.9
Fire Magic     | 4 |  4.6
Shields        | 1 |  1.7
Fighting       | |  0.2
Short Blades   | |  0.4
Dodging        | |  2.3
Stealth        | |  2.9
Unarmed Combat | |  0.4

Action                   |  1- 3 |  4- 6 || total
-------------------------+-------+-------++-------
Melee: Unarmed           |     7 |       ||     7
       Tentacles         |     6 |     5 ||    11
       Constrict         |     7 |     5 ||    12
       Dagger            |    21 |    30 ||    51
       Punch             |       |     1 ||     1
 Cast: Flame Tongue      |    62 |   105 ||   167
       Throw Flame       |       |    29 ||    29
       Conjure Flame     |       |     3 ||     3
       Sticky Flame      |       |     2 ||     2
Evoke: Wand              |       |     1 ||     1
  Use: Scroll            |       |     6 ||     6
       Potion            |       |     3 ||     3
 Stab: Sleeping          |       |     1 ||     1
  Eat: Chunk             |     4 |    12 ||    16
       Royal jelly       |       |     1 ||     1
Armor: Skin              |     3 |     7 ||    10
Dodge: Dodged            |    34 |    54 ||    88
